 Dungeon Crawl Stone Soup version 0.26-a0-712-ga5a9c9c9d0 (webtiles) character file.

Game seed: 1739349826235610236

39 Arthanis the Skirmisher (level 3, -1/36 HPs)
             Began as a Gargoyle Berserker on Nov 7, 2020.
             Was a Follower of Trog.
             Slain by a gnoll (5 damage)
             ... on level 2 of the Dungeon.
             The game lasted 00:00:40 (696 turns).

Arthanis the Skirmisher (Gargoyle Berserker)         Turns: 696, Time: 00:00:40

Health: -1/36      AC:  6    Str: 20    XL:     3   Next: 47%
Magic:  3/3        EV: 12    Int:  8    God:    Trog [*.....]
Gold:   53         SH:  0    Dex:  9    Spells: 2/2 levels left

rFire    . . .     SeeInvis .   a - +0 hand axe
rCold    . . .     Faith    .   (no shield)
rNeg     + . .     Spirit   .   b - +0 animal skin
rPois    ∞         Reflect  .   (no helmet)
rElec    +         Harm     .   c - +0 cloak
rCorr    .         Rampage  .   (no gloves)
MR       .....                  (no boots)
Stlth    ..........             (no amulet)
HPRegen  0.12/turn              (no ring)
MPRegen  0.08/turn              (no ring)

@: berserking (expiring), very quick
A: negative energy resistance 1, electricity resistance, unbreathing,
petrification resistance, rot immunity, AC +3
a: Berserk, Renounce Religion


You were on level 2 of the Dungeon.
You worshipped Trog.
Trog was aware of your devotion.
You visited 1 branch of the dungeon, and saw 2 of its levels.

You collected 53 gold pieces.

Inventory:

Hand Weapons
 a - a +0 hand axe (weapon)
Armour
 b - a +0 animal skin (worn)
 c - a +0 cloak (worn)
Scrolls
 e - a scroll of immolation {unknown}
 g - a scroll of blinking {unknown}
 h - a scroll of teleportation {unknown}
 i - a scroll of amnesia {unknown}
Potions
 d - a potion of brilliance {unknown}
 f - a potion of haste {unknown}
 j - a potion of stabbing {unknown}


   Skills:
 + Level 3.6 Fighting
 * Level 3.3 Axes
 + Level 2.6 Armour
 + Level 1.9 Dodging


You had 2 spell levels left.
You didn't know any spells.
Your spell library was empty.

Dungeon Overview and Level Annotations

Branches:
Dungeon (2/15)

Altars:


Innate Abilities, Weirdness & Mutations

You are resistant to torment.
Your stone body is resilient. (AC +3)
You are immune to poison.
You resist negative energy. (rN+)
You are resistant to electric shocks. (rElec)
You can survive without breathing.
You are immune to petrification.
You are immune to rotting.


Message History

* * * LOW HITPOINT WARNING * * *
You barely miss the gnoll.
The gnoll is almost dead.
You slash the gnoll! You slash the bat!
You kill the bat!
Trog accepts your kill.
You slash the dart slug! The gnoll closely misses you.
You closely miss the gnoll.
The gnoll is almost dead.
You slash the dart slug!
You kill the dart slug!
Trog accepts your kill.
You closely miss the gnoll. The gnoll misses you.
The gnoll hits you with a +0 club.
* * * LOW HITPOINT WARNING * * *
You slash the gnoll!
You kill the gnoll!
Trog accepts your kill.
You hit the gnoll. The gnoll hits you.
You die...

######## #.)....#
#......# #......#
#......# #..)...#
####<@g...#
g..###..g).....#
#.....<.......#
#####............
#...##.####.#
#...# .# . #####
.# .#


You could see a gnoll and a hobgoblin.

Vanquished Creatures
  2 gnolls (D:2)
  A dart slug (D:2)
  3 bats
  A giant cockroach (D:2)
  4 goblins (D:1)
  3 hobgoblins (D:1)
  A frilled lizard (D:1)
  3 kobolds (D:1)
  2 rats (D:1)
20 creatures vanquished.

Notes
Turn   | Place    | Note
-------+----------+-------------------------------------------
     0 | D:1      | Arthanis the Gargoyle Berserker began the quest for the
                  | Orb.
     0 | D:1      | Reached XP level 1. HP: 14/14 MP: 1/1
   227 | D:1      | Reached XP level 2. HP: 19/19 MP: 2/2
   693 | D:2      | Reached XP level 3. HP: 8/23 MP: 3/3
   696 | D:2      | Slain by a gnoll

Illustrated notes

Levels and vault maps discovered:
D:1:      dpeg_arrival_windows_large_door, layout_rooms, roderic_filled_cross
D:2:      layout_rooms, chequers_ecumenical_altar_island

Skill      XL: |  1  2 |
---------------+-------+-----
Axes           | 3 |  3.3
Fighting       | |  3.6
Armour         | |  2.6
Dodging        | |  1.9

Action                   || total
-------------------------++-------
Melee: Hand axe          ||    46
Invok: Berserk           ||     1
Armor: Animal skin       ||    19
Dodge: Dodged            ||    39

Table legend: (Time is in decaauts)
 A = Elapsed time spent in this place.
 B = Non-inter-level travel time spent in this place.
 C = Inter-level travel time spent in this place.
 D = Time resting spent in this place.
 E = Time spent auto-exploring this place.
 F = Levels seen in this place.
 G = Mean time per level.
                   A        B        C        D        E       F      G
               +--------+--------+--------+--------+--------+-----+--------+
         Total |    700 |    670 |     30 |      0 |    560 |   2 |  350.0 |
       Dungeon |    700 |    670 |     30 |      0 |    560 |   2 |  350.0 |
               +--------+--------+--------+--------+--------+-----+--------+

Top non-repeatable levels by time:
     D:1: 690 daAuts
     D:2: 9 daAuts
